AoeStats
← DontDoDrugsKids

Arena

508684527Analyzed
4v4 RM · 9d ago on Sep 23, 2026· 66m 26s· 8 players
Game mode
Random Map
Map size
Large (8 player)
Population
200
Speed
Normal
Resources
Standard
Victory
Conquest
Starting age
Dark Age
Ending age
Imperial Age
RankedLock teamsTeams togetherTeam positionsShared explorationLock speedFull tech treeHidden civsTurbo modeCheats
Victory
Defeat
🇳🇱 Malians · Netherlands
859
+15
🇵🇱 Varangians · Poland
838
+16
🇺🇸 Khmer · United States
785
+18
🇺🇸 Bengalis · United States
729
+20
🇩🇪 Persians · Germany
869
-19
🇩🇪 Britons · Germany
835
-17
🇨🇱 Saxons · Chile
814
-17
🇺🇸 Poles · United States
799
-16
¿Adriixx?
15:04 Feudal Age
16:36 Wheelbarrow
15:44 Horse Collar
15:52 Double-Bit Axe
22:40 Castle Age
21:30 Gold Mining
22:20 Forging
22:11 Scale Mail Armor
22:17 Scale Barding Armor
22:03 Fletching
22:39 Stone Mining
23:52 Bloodlines
25:14 Hand Cart
25:38 Iron Casting
25:45 Bow Saw
25:38 Heavy Plow
26:15 Gold Shaft Mining
26:14 Husbandry
25:35 Light Cavalry
26:39 Squires
28:11 Pikeman
33:45 Imperial Age
33:27 Chain Mail Armor
33:34 Chain Barding Armor
33:51 Bodkin Arrow
34:19 Fortified Wall
34:16 Town Watch
36:08 Two-Man Saw
35:40 Crop Rotation
36:45 Chemistry
36:21 Caravan
37:12 Plate Mail Armor
39:18 Hussar
40:45 Shield Wall
41:40 Gambesons
42:45 Elite Hearth Troop
46:17 Bracer
46:35 Halberdier
48:35 Elite Varangian Guard
52:55 Ballistics
52:51 Masonry
54:56 Hoardings
MVXD
10:21 Feudal Age
15:04 Castle Age
13:16 Loom
13:25 Double-Bit Axe
13:28 Horse Collar
15:43 Bow Saw
16:32 Wheelbarrow
17:47 Heavy Plow
21:06 Scale Barding Armor
25:12 Hand Cart
24:52 Gold Mining
26:31 Stone Mining
31:18 Imperial Age
29:04 Husbandry
29:14 Bloodlines
29:34 Chain Barding Armor
31:12 Cavalier
33:26 Stone Shaft Mining
48:30 Gold Shaft Mining
51:11 Town Watch
51:58 Caravan
52:29 Coinage
DontDoDrugsKids
0:44 Loom
11:25 Feudal Age
16:01 Double-Bit Axe
18:51 Castle Age
25:35 Wheelbarrow
25:29 Padded Archer Armor
25:20 Fletching
24:56 Crossbowman
25:36 Crossbowman
28:19 Stone Mining
28:20 Gold Mining
33:37 Gold Shaft Mining
35:06 Ballistics
37:58 Imperial Age
36:17 Leather Archer Armor
35:57 Bodkin Arrow
36:35 Hand Cart
38:40 Pikeman
39:20 Squires
39:54 Ring Archer Armor
39:25 Bracer
38:48 Elite Longbowman
39:40 Scale Barding Armor
39:35 Scale Mail Armor
39:46 Forging
39:04 Arbalester
39:53 Halberdier
44:23 Iron Casting
44:04 Chain Mail Armor
44:09 Chain Barding Armor
50:12 Plate Barding Armor
50:07 Plate Mail Armor
50:37 Blast Furnace
50:43 Chemistry
Panzerkunst
11:07 Loom
15:22 Feudal Age
16:42 Wheelbarrow
16:03 Double-Bit Axe
16:02 Horse Collar
16:14 Stone Mining
19:42 Gold Mining
21:34 Bloodlines
25:20 Castle Age
24:42 Town Watch
25:57 Scale Barding Armor
26:30 Heavy Plow
26:44 Bow Saw
27:15 Stone Shaft Mining
27:13 Hand Cart
27:00 Town Patrol
26:47 Light Cavalry
27:37 Husbandry
33:12 Chain Barding Armor
33:11 Forging
36:22 Iron Casting
40:18 Imperial Age
42:18 Lechitic Legacy
42:35 Hoardings
44:50 Blast Furnace
44:25 Conscription
43:33 Cavalier
57:28 Crop Rotation
TipsyBruin
2:03 Loom
13:24 Feudal Age
16:40 Castle Age
15:37 Double-Bit Axe
15:35 Horse Collar
18:02 Bow Saw
18:22 Heavy Plow
19:25 Wheelbarrow
20:36 Forging
25:00 Pikeman
29:56 Gold Mining
30:46 Iron Casting
30:15 Scale Mail Armor
30:52 Bloodlines
30:43 Husbandry
31:20 Light Cavalry
32:45 Gold Shaft Mining
34:31 Stone Mining
37:28 Imperial Age
38:45 Hand Cart
38:59 Caravan
41:17 Halberdier
42:39 Capped Ram
42:44 Onager
43:17 Arson
45:22 Crop Rotation
44:46 Fletching
45:16 Chain Mail Armor
46:02 Blast Furnace
45:10 Scale Barding Armor
45:24 Chain Mail Armor
45:01 Fletching
45:11 Padded Archer Armor
45:23 Siege Engineers
45:40 Ballistics
46:21 Chemistry
45:18 Murder Holes
45:34 Masonry
45:38 Fortified Wall
45:19 Guard Tower
45:46 Elite Ballista Elephant
46:50 Conscription
46:33 Double Crossbow
50:02 Elite Skirmisher
50:19 Heavy Cavalry Archer
51:25 Parthian Tactics
50:58 Cavalier
52:24 Bodkin Arrow
53:47 Town Watch
53:35 Siege Ram
54:44 Town Patrol
55:08 Hussar
55:14 Crossbowman
56:20 Tusk Swords
57:03 Elite Battle Elephant
57:46 Arbalester
60:12 Bracer
60:28 Leather Archer Armor
60:34 Chain Barding Armor
60:55 Keep
60:37 Devotion
60:51 Onager
67:31 Ring Archer Armor
67:36 Plate Barding Armor
Cdubs33
0:28 Loom
12:50 Feudal Age
13:29 Town Watch
13:49 Double-Bit Axe
13:45 Horse Collar
20:40 Castle Age
18:47 Stone Mining
19:07 Gold Mining
21:01 Forging
20:51 Scale Mail Armor
20:42 Fletching
20:52 Padded Archer Armor
22:58 Bow Saw
22:49 Heavy Plow
23:57 Wheelbarrow
25:51 Fervor
26:04 Sanctity
26:56 Hand Cart
27:09 Scale Barding Armor
32:05 Chain Barding Armor
32:21 Iron Casting
32:38 Caravan
32:56 Husbandry
33:14 Bloodlines
34:10 Bodkin Arrow
37:17 Imperial Age
36:04 Ballistics
37:33 Masonry
37:34 Fortified Wall
37:15 Guard Tower
37:21 Murder Holes
39:11 Blast Furnace
38:47 Plate Barding Armor
37:37 Elite Battle Elephant
37:54 Elite Ratha (Ranged)
39:01 Town Patrol
39:00 Bodkin Arrow
39:20 Leather Archer Armor
39:42 Conscription
40:12 Gold Shaft Mining
40:03 Paiks
42:05 Onager
43:13 Bracer
44:17 Crop Rotation
45:24 Chemistry
44:56 Architecture
45:46 Ring Archer Armor
44:58 Siege Elephant
48:19 Mahayana
48:49 Siege Engineers
48:31 Arrowslits
50:28 Two-Man Saw
57:18 Chain Mail Armor
64:20 Spies/Treason
Rilenzo
11:38 Feudal Age
12:29 Loom
16:29 Castle Age
16:02 Double-Bit Axe
16:28 Forging
17:02 Man-at-Arms
18:33 Scale Barding Armor
18:55 Horse Collar
19:03 Long Swordsman
28:57 Scale Mail Armor
29:33 Iron Casting
31:17 Bow Saw
33:13 Ballistics
32:50 Murder Holes
34:10 Chain Mail Armor
38:47 Imperial Age
36:11 Gold Mining
36:12 Stone Mining
36:25 Heavy Plow
38:55 Squires
40:20 Crop Rotation
39:13 Two-Handed Swordsman
42:09 Conscription
43:04 Chemistry
43:03 Elite Gbeto
44:02 Champion
45:21 Plate Mail Armor
44:59 Treadmill Crane
45:38 Fervor
45:50 Sanctity
45:41 Redemption
45:47 Block Printing
46:54 Wheelbarrow
46:06 Town Watch
46:46 Chain Barding Armor
46:17 Fletching
46:20 Arson
46:45 Herbal Medicine
47:26 Theocracy
47:02 Redemption
47:09 Block Printing
49:24 Husbandry
49:35 Bloodlines
48:46 Heavy Camel Rider
50:10 Farimba
52:21 Plate Barding Armor
51:42 Bodkin Arrow
65:10 Hand Cart
64:55 Town Patrol
Special Air (SAS)
10:57 Feudal Age
15:28 Castle Age
13:46 Double-Bit Axe
15:21 Horse Collar
17:35 Bow Saw
23:43 Wheelbarrow
24:06 Heavy Plow
24:52 Stone Mining
26:48 Hand Cart
27:55 Gold Mining
28:52 Loom
30:26 Forging
30:22 Scale Barding Armor
31:21 Stone Shaft Mining
35:30 Imperial Age
37:29 Elite Varangian Guard
38:12 Squires
37:57 Arson
38:22 Squires
38:08 Arson
39:03 Iron Casting
38:30 Scale Mail Armor
39:09 Conscription
38:11 Gothikon
42:04 Blast Furnace
41:20 Chain Mail Armor
44:33 Chemistry
43:39 Siege Engineers
45:30 Plate Mail Armor
47:38 Cavalier
48:20 Husbandry
48:32 Bloodlines
48:00 Vendel Legacy
53:31 Chain Barding Armor
62:25 Light Cavalry
Connection lost

Rejoining the realm…

Still unreachable

The connection could not be restored.

Session expired

The server has moved on; the page needs a fresh start.